Map: Frozen Temple

Players

Fropez

  • Race: Protoss Protoss
  • League: Gold
  • Spawn Location: 5:00

ARCADE - Winner!

  • Race: Terran Terran
  • League: Gold
  • Spawn Location: 11:00

VOD

Have the link to the VOD?

Description

Time

  • Played on: Nov. 13, 2016, 9:48 a.m.
  • Length: 13:18
Show
View Real Time Build Order
Export as new Build Order

Fropez Protoss 

Build Orders:  

Get SALT Encoding   

  12  0:01  Probe (Chrono Boost)  
  13  0:12  Probe (Chrono Boost)  
  14  0:20  Pylon  
  14  0:22  Probe (Chrono Boost)  
  15  0:38  Probe (Chrono Boost)  
  15  0:40  Gateway  
  16  0:48  Assimilator  
  17  0:50  Probe (Chrono Boost)  
  17  1:00  Probe (Chrono Boost)  
  18  1:11  Probe (Chrono Boost)  
  19  1:16  Pylon  
  19  1:24  Probe (Chrono Boost)  
  20  1:35  Probe (Chrono Boost)  
  20  1:38  Cybernetics Core  
  21  1:43  Gateway  
  21  1:45  Probe (Chrono Boost)  
  21  1:46  Assimilator  
  22  1:56  Probe (Chrono Boost)  
  24  2:13  Pylon  
  24  2:15  Mothership Core (Chrono Boost)  
  25  2:22  Warp Gate (Chrono Boost)  
  25  2:35  Gateway  
  25  2:38  Probe (Chrono Boost)  
  25  2:49  Nexus  
  24  2:56  Pylon  
  24  2:57  Probe (Chrono Boost)  
  27  3:08  Stalker  
  27  3:14  Stalker  
  27  3:18  Probe  
  30  3:30  Probe  
  30  3:32  Pylon  
  31  3:42  Probe  
  31  3:43  Stalker  
  34  3:54  Probe  
  35  3:55  Twilight Council  
  35  4:06  Probe x2  
  35  4:08  Pylon  
  37  4:26  Probe  
  37  4:27  Pylon  
  37  4:29  Pylon, Probe  
  39  4:34  Adept x2  
  39  4:35  Adept  
  45  4:40  Probe  
  45  4:43  Probe  
  47  4:47  Assimilator  
  47  4:54  Probe x2  
  47  4:55  Robotics Facility  
  47  4:59  Resonating Glaives (Chrono Boost)  
  49  5:06  Probe  
  50  5:09  Stalker  
  50  5:12  Stalker  
  54  5:15  Probe  
  55  5:23  Probe  
  55  5:26  Probe  
  55  5:28  Assimilator  
  57  5:34  Pylon  
  57  5:45  Stalker x2  
  57  5:46  Stalker  
  57  5:49  Warp Prism (Chrono Boost)  
  63  6:03  Probe  
  58  6:08  Probe  
  59  6:15  Probe  
  60  6:21  Pylon  
  60  6:25  Probe  
  60  6:27  Gateway  
  62  6:38  Observer (Chrono Boost)  
  59  6:42  Probe  
  59  6:44  Probe, Forge  
  61  6:53  Probe  
  61  6:59  Adept x3  
  65  7:05  Observer (Chrono Boost)  
  65  7:06  Probe  
  67  7:11  Probe  
  55  7:43  Protoss Ground Weapons Level 1 (Chrono Boost)  
  53  8:00  Adept x3, Nexus  
  53  8:02  Pylon  
  53  8:04  Immortal  
  63  8:12  Gateway  
  63  8:13  Gateway  
  63  8:15  Pylon  
  63  8:34  Probe  
  63  8:35  Probe  
  65  8:43  Immortal  
  65  8:44  Charge  
  65  8:47  Probe  
  69  8:49  Probe  
  69  8:51  Templar Archives  
  71  8:58  Probe  
  68  9:18  Probe x2  
  68  9:19  Probe  
  63  9:35  Probe  
  63  9:36  Probe x2  
  66  9:40  Photon Cannon  
  66  9:42  Stalker x2  
  66  9:43  Pylon, Stalker  
  66  9:45  Stalker x3  
  78  9:46  Pylon, Probe  
  78  9:49  Photon Cannon  
  78  9:50  Pylon  
  79  9:56  Protoss Shields Level 1 (Chrono Boost), Photon Cannon  
  79  9:58  Immortal  
  83  10:07  Probe  
  83  10:11  Stalker  
  83  10:12  Stalker x2  
  86  10:24  Probe  
  86  10:25  Adept x3, Probe  
  86  10:26  Probe  
  91  10:35  Gateway  
  91  10:38  Assimilator  
  91  10:44  Pylon, Psionic Storm  
  91  10:47  Pylon  
  91  10:49  High Templar x6  
  103  11:07  Probe x2  
  103  11:08  Probe  
  106  11:13  Assimilator  
  106  11:15  Photon Cannon  
  106  11:18  Photon Cannon  
  106  11:22  Probe  
  106  11:23  Probe x2  
  106  11:24  Photon Cannon  
  109  11:27  Photon Cannon  
  109  11:29  Pylon  
  109  11:33  Probe  
  109  11:34  Immortal  
  109  11:39  Probe  
  115  11:49  Stalker x3  
  115  11:50  Stalker  
  112  12:20  Nexus  
  112  12:22  Pylon  
  93  12:25  Pylon, High Templar  
  93  12:26  High Templar x6  
  93  12:29  Archon  
  102  12:30  Archon x2  
  91  12:57  Probe  
  84  13:08  Nexus  
  84  13:12  Archon x2  
Show
View Real Time Build Order
Export as new Build Order

ARCADE Terran - Winner!

Build Orders: MMM Bio 

Get SALT Encoding   

  12  0:00  SCV  
  13  0:13  SCV  
  14  0:19  Supply Depot  
  14  0:25  SCV  
  15  0:40  SCV  
  16  0:43  Barracks  
  16  0:48  Refinery  
  16  0:57  SCV  
  17  1:09  SCV  
  18  1:21  SCV  
  19  1:34  Barracks Reactor, Orbital Command  
  19  1:46  Supply Depot  
  19  2:01  Command Center  
  19  2:08  SCV  
  19  2:10  Marine  
  19  2:11  Marine  
  22  2:23  Factory  
  22  2:27  Refinery  
  22  2:40  Marine x2  
  24  2:49  SCV  
  25  3:03  Bunker  
  25  3:05  Marine x2  
  27  3:07  SCV  
  27  3:10  Widow Mine  
  30  3:15  Starport  
  30  3:17  Orbital Command  
  30  3:34  Orbital Command  
  30  3:40  Supply Depot  
  30  3:42  Widow Mine, Barracks Tech Lab  
  32  3:52  SCV  
  32  3:53  Medivac  
  35  4:00  SCV  
  36  4:11  Marine  
  36  4:12  Stimpack, Factory Reactor  
  36  4:15  Engineering Bay  
  37  4:17  SCV x2  
  39  4:28  Refinery  
  39  4:30  Medivac  
  41  4:42  Marine  
  42  4:46  Barracks  
  42  4:47  Terran Infantry Weapons Level 1  
  42  4:50  Barracks  
  42  5:03  Marine  
  43  5:13  Medivac x2  
  47  5:16  SCV x2  
  49  5:24  Marine, Supply Depot  
  49  5:25  Supply Depot  
  50  5:37  Marine x3  
  53  5:49  Supply Depot  
  53  5:50  Supply Depot  
  45  6:04  Marine x2, Marauder, Barracks Tech Lab  
  45  6:05  Medivac x2  
  45  6:06  SCV  
  45  6:07  SCV  
  51  6:13  Command Center  
  51  6:18  Barracks  
  51  6:19  Barracks  
  51  6:28  Marine x2, Marauder x2  
  51  6:31  SCV  
  58  6:37  SCV  
  59  6:41  Terran Infantry Armor Level 1  
  59  6:48  Supply Depot  
  59  6:50  Supply Depot  
  59  6:51  Concussive Shells  
  59  6:55  Combat Shields, Liberator x2  
  64  7:26  Marine x2, Marauder x2  
  64  7:27  Marine x2  
  70  7:43  Bunker  
  68  7:44  Marine x2  
  68  7:48  Supply Depot  
  68  7:50  Barracks Reactor, Barracks Tech Lab  
  68  7:51  Orbital Command  
  70  7:53  Supply Depot, Marauder  
  72  8:06  Marine x2, Marauder  
  72  8:10  Armory  
  72  8:12  Engineering Bay  
  76  8:15  SCV  
  77  8:23  Missile Turret  
  77  8:27  Marauder  
  77  8:30  Orbital Command  
  81  8:48  Marauder  
  81  8:49  Marine x2, Marauder x2  
  81  8:51  Marine  
  88  8:59  SCV x3  
  91  9:14  Marauder x2  
  91  9:15  Marauder  
  97  9:21  SCV  
  97  9:22  SCV x2  
  99  9:25  Missile Turret  
  99  9:28  Supply Depot  
  99  9:30  Supply Depot  
  99  9:37  SCV x3  
  102  9:42  Terran Infantry Armor Level 2, Terran Infantry Weapons Level 2  
  102  9:49  SCV, Medivac x2  
  107  10:02  Liberator x2  
  110  10:28  Marine x4, Marauder x3  
  119  10:32  Barracks  
  119  10:34  Barracks  
  119  10:35  Refinery, Barracks  
  120  10:36  Refinery  
  120  10:43  Supply Depot  
  120  10:47  Supply Depot  
  120  10:48  SCV x3  
  123  10:52  Marine x3, Marauder x3  
  123  10:53  Marine  
  133  11:04  Medivac x2  
  133  11:05  SCV x3  
  140  11:13  Command Center  
  140  11:14  Supply Depot  
  140  11:17  Supply Depot  
  140  11:27  Barracks Reactor, Barracks Tech Lab  
  140  11:29  Marauder x3  
  146  11:35  Marine x3  
  146  11:36  Marine  
  150  11:41  Barracks Tech Lab  
  150  11:43  Medivac x2  
  152  12:15  Marauder  
  152  12:16  Marine x5, Marauder x4  
  163  12:27  SCV x3  
Tags
 
Composition
MMM Bio
League
GoldGold
Matchup
PvT
Replay Pack
All Mines
Spawn Locations
Cross Positions
Add a new tag
Caveats
  • Supply blocks, unpowered buildings, or Contaminate may cause inaccurate times.
  • Supply counts are checked every 10 seconds.